 Dungeon Crawl Stone Soup version 0.31-a0-1612-g4aaf141004 (webtiles) character file.

Game seed: 12800570875009095532

2520 benadryl the Magician (level 9, -9/70 (89) HPs)
             Began as an Oni Gladiator on Jan 9, 2024.
             Was an Initiate of Vehumet.
             Mangled by a wight
             ... wielding a +3 flail
              (13 damage)
             ... on level 7 of the Dungeon.
             The game lasted 00:16:51 (8682 turns).

benadryl the Magician (Oni Gladiator)               Turns: 8682, Time: 00:16:52

HP:   -9/70 (89)    AC:  6    Str: 20    XL:     9   Next: 54%
MP:   19/19         EV: 10    Int: 11    God:    Vehumet [......]
Gold: 309           SH:  0    Dex: 12    Spells: 19/22 levels left

rFire   + . .        h - +0 giant spiked club
rCold   + . .        (shield currently unavailable)
rNeg    . . .        f - +2 robe {rC+ rF+}
rPois   .            c - +0 hat
rElec   .            s - +0 cloak
rCorr   .            (gloves unavailable)
SInv    .            (boots unavailable)
Will    .....        (no amulet)
Stlth   +            (no ring)
HPRegen 0.31/turn    (no ring)
MPRegen 0.16/turn

%: no passive effects
@: heavily drained
A: large, unfitting armour, horns 1, tough skin 1, double potion healing,
drunken brawling
a: Renounce Religion


You were on level 7 of the Dungeon.
You worshipped Vehumet.
Vehumet was noncommittal.
You visited 2 branches of the dungeon, and saw 9 of its levels.

You collected 390 gold pieces.
You spent 81 gold pieces at shops.

Inventory:

Hand Weapons
 a - a +1 flail
 d - a +0 giant club
 h - a +0 giant spiked club (weapon)
Missiles
 e - a large rock
 i - a throwing net (quivered)
Armour
 b - a +0 robe
 c - a +0 hat (worn)
 f - a +2 robe of resistance (worn)
 s - a +0 cloak (worn)
Wands
 n - a wand of roots (8)
 p - a wand of charming (2)
 t - a wand of flame (23)
Scrolls
 g - a scroll of fog
 u - a scroll of teleportation
 v - a scroll of poison
 w - a scroll of silence
 A - a scroll of amnesia {unknown}
Potions
 j - 2 potions of degeneration {unknown}
 k - 2 potions of attraction {unknown}
 l - a potion of cancellation
 m - a potion of curing {@q1}
 o - 2 potions of mutation {unknown}
 q - a potion of brilliance {unknown}
 r - a potion of might {unknown}
 x - a potion of resistance {unknown}
 z - a potion of enlightenment {unknown}


   Skills:
 - Level 6.0 Fighting
 - Level 3.8 Maces & Flails
 - Level 2.0 Throwing
 - Level 2.6 Dodging
 - Level 7.2 Spellcasting
 + Level 7.0 Conjurations
 * Level 4.8 Alchemy


You had 19 spell levels left.
You knew the following spells:

 Your Spells              Type           Power      Damage    Failure   Level
a - Mephitic Cloud        Conj/Alch/Air  12%        N/A       10%         3

Your spell library contained the following spells:

 Spells                   Type           Power      Damage    Failure   Level
 Mercury Vapours          Alch/Air       18%        N/A       10%         2
 Flame Wave               Conj/Fire      11%        2d6       36%         4
 Inner Flame              Hex/Fire       4%         N/A       45%         3
 Ignite Poison            Fire/Alch      9%         N/A       54%         4
 Sticky Flame             Fire/Alch      9%         2d5       54%         4
 Freezing Cloud           Conj/Ice/Air   4%         6-21      87%         5
 Ignition                 Fire           2%         3d3       100%        8


Dungeon Overview and Level Annotations

Branches:
Dungeon (8/15)             Temple (1/1) D:7
   Lair: D:8-11

Altars:
Ashenzari
Cheibriados
Dithmenos
Elyvilon
Fedhas
Gozag
Makhleb
Nemelex Xobeh
Okawaru
Qazlal
Ru
Uskayaw
Vehumet
Wu Jian
Yredelemnul
Zin
The Shining One

Shops:
D:4 =   D:6 [

Annotations:
D:3 2 transporters, zenocrate's ghost, amateur VSEn


Innate Abilities, Weirdness & Mutations

You are too large for most types of armour.
You have a pair of small horns on your head.
You have tough skin. (AC +1)
You gain doubled healing and magic from potions.
Whenever you drink a healing potion, you attack all around you.


Message History

Done exploring.
Done exploring.
Search for what [Enter for "alt", or ? for help]? .
Okay, then.
Done exploring.
There is a stone staircase leading down here.
You climb downwards.
Found a scroll labelled UHOABA WEVE.
There is a stone staircase leading up here.
Okay, then.
A - a scroll labelled UHOABA WEVE
As you read the scroll labelled BISIUH MUKKUO, it crumbles to dust.
You hear a loud clanging noise!
It was a scroll of noise.
A wight comes into view. It is wielding a +3 flail.
A wight comes into view. It is wielding a +0 battleaxe.
A wight comes into view. It is wielding a +0 trident.
There is a stone staircase leading up here.
The wight hits you with a +3 flail!
You feel drained. The wight hits you but does no damage.
The wight hits you from afar with a +0 trident.
You climb upwards.
There is a stone staircase leading down here.
You barely miss the wight. Your headbutt misses the wight.
The wight hits you with a +3 flail! The wight hits you with a +0 battleaxe.
You feel drained. The wight closely misses you.
Okay, then.
Okay, then.
You bludgeon the wight!!
You destroy the wight!
Vehumet accepts your kill. The wight hits you with a +3 flail!
The wight barely misses you.
You closely miss the wight. The wight hits you with a +3 flail!
You feel drained.
You barely miss the wight. The wight hits you with a +3 flail!
* * * LOW HITPOINT WARNING * * *
You feel drained.
* * * LOW HITPOINT WARNING * * *
The wight hits you with a +3 flail!
You die...

####.# ...#.#
.....# .#...#
...†.# ...#.#
...#.#
##.###############
...............z@#
.......#####.###)#
.#####.#####.# #.#
...# #.......# #.#
.#.# ##....### #.#
.#.# #....# #.#
##'####....### #.#
......#......# #.#
......#......# #.#


You could see a wight.

Vanquished Creatures
  Grinder (D:4)
  A water moccasin (D:6)
  An ice beast (D:6)
  A sky beast (D:6)
  2 black bears
  3 ogres
  A kobold brigand (D:6)
  4 scorpions
  6 wights
  A howler monkey (D:5)
  4 bombardier beetles (D:5)
  3 jellies
  2 orc priests
  A gnoll bouda (D:5)
  7 hounds
  3 sleepcaps
  2 iguanas
  An orc wizard (D:7)
  5 adders
  15 gnolls
  A white imp (D:5)
  2 ufetubi (D:5)
  A dart slug (D:3)
  2 ribbon worms
  8 orcs
  5 ball pythons
  5 bats
  9 endoplasms
  3 giant cockroaches
  7 hobgoblins
  7 jackals
  3 frilled lizards
  8 goblins
  6 kobolds
  3 rats
134 creatures vanquished.

Vanquished Creatures (others)
  2 demonspawn (D:1)
  A draconian (D:1)
  A gargoyle (D:1)
  A vine stalker (D:1)
  A troll (D:1)
  A merfolk (D:1)
  A formicid (D:1)
  A spriggan (D:1)
  3 demigods (D:1)
  3 gnolls
  A kobold (D:1)
  5 tentacles (D:1)
21 creatures vanquished.

Grand Total: 155 creatures vanquished

Notes
Turn   | Place    | Note
-------+----------+-------------------------------------------
     0 | D:1      | benadryl the Oni Gladiator began the quest for the Orb.
     0 | D:1      | Reached XP level 1. HP: 22/22 MP: 1/1
     2 | D:1      | Noticed a demonspawn
     2 | D:1      | Noticed a demonspawn
     2 | D:1      | Noticed a gargoyle
     2 | D:1      | Noticed a demigod
     2 | D:1      | Noticed a formicid
     2 | D:1      | Noticed a draconian
     2 | D:1      | Noticed a kraken
     2 | D:1      | Noticed a spriggan
     2 | D:1      | Noticed a vine stalker
     2 | D:1      | Noticed a demigod
     2 | D:1      | Noticed a troll
     2 | D:1      | Noticed a merfolk
     2 | D:1      | Noticed a demigod
     6 | D:1      | Killed a formicid
    11 | D:1      | Killed a demonspawn
    12 | D:1      | Killed a demonspawn
    13 | D:1      | Killed a demigod
    15 | D:1      | Killed a vine stalker
    15 | D:1      | Killed a draconian
    17 | D:1      | Killed a merfolk
    18 | D:1      | Killed a gargoyle
    19 | D:1      | Killed a troll
    19 | D:1      | Killed a demigod
    20 | D:1      | Killed a spriggan
    20 | D:1      | Killed a demigod
    83 | D:1      | HP: 1/23 [hobgoblin/+0 hand axe (6)]
   190 | D:1      | Reached XP level 2. HP: 31/31 MP: 2/2
   243 | D:1      | You fall into a shaft and drop 1 floor!
   939 | D:2      | Reached XP level 3. HP: 28/39 MP: 3/3
  1651 | D:1      | Reached XP level 4. HP: 40/49 MP: 4/4
  1794 | D:1      | Reached skill level 5 in Fighting
  2545 | D:3      | Found a transporter.
  2548 | D:3      | Noticed zenocrate's ghost (amateur VSEn)
  2646 | D:3      | Found a transporter.
  2765 | D:3      | Found an ornate altar of the Wu Jian Council.
  2818 | D:3      | Reached XP level 5. HP: 56/59 MP: 5/5
  2980 | D:4      | Noticed Grinder
  2996 | D:4      | Paralysed by Grinder for 4 turns
  3008 | D:4      | Killed Grinder
  3009 | D:4      | Reached XP level 6. HP: 67/67 MP: 6/6
  3114 | D:4      | Found Cehyxis's Jewellery Boutique.
  3151 | D:4      | Reached XP level 7. HP: 51/75 MP: 7/7
  3538 | D:4      | Reached skill level 5 in Conjurations
  3698 | D:4      | Reached skill level 1 in Spellcasting
  3717 | D:5      | Entered Level 5 of the Dungeon
  4250 | D:5      | Reached skill level 1 in Alchemy
  4335 | D:5      | Reached XP level 8. HP: 60/83 MP: 14/14
  6257 | D:6      | Learned a level 3 spell: Mephitic Cloud
  6909 | D:6      | Reached XP level 9. HP: 75/89 MP: 14/16
  6911 | D:6      | Reached skill level 5 in Spellcasting
  6984 | D:6      | Found Budeited's Antique Armour Emporium.
  6991 | D:6      | Bought a runed robe for 81 gold pieces
  8168 | D:7      | Found a staircase to the Ecumenical Temple.
  8176 | Temple   | Entered the Ecumenical Temple
  8184 | Temple   | Became a worshipper of Vehumet
  8682 | D:7      | Mangled by a wight

Illustrated notes

Levels and vault maps discovered:
D:1:      nicolae_arrival_kraken_aquarium_b, layout_basic,
          minmay_split_cup_small
D:2:      layout_loops_ring, serial_bayou_pond_e, minmay_tetromino_l4
D:3:      layout_rooms, pf_just_have_faith, gammafunk_ghost_stat_death
D:4:      layout_rooms, serial_shops, shop, st_stairs_5, uniq_grinder
D:5:      layout_layer_cave, nrook_loot_triangle
D:6:      layout_loops_ring, serial_shops,
          nicolae_shop_temple_entry_statues_fountains
D:7:      layout_basic, minmay_temple_entry_overgrown
D:8:      layout_gridville, minitemple
Temple:   nicolae_temple_x_marks_the_god

Skill      XL: |  1  2  3  4  5  6  7  8  9 |
---------------+----------------------------+-----
Fighting       | 3 4 6 |  6.0
Conjurations   | 3 4 5 7 |  7.0
Spellcasting   | 4 7 |  7.2
Alchemy        | 2 4 |  4.8
Maces & Flails | |  3.8
Throwing       | |  2.0
Dodging        | |  2.6

Action                     |  1- 3 |  4- 6 |  7- 9 || total
---------------------------+-------+-------+-------++-------
  Melee: Flail             |    72 |    84 |       ||   156
         Headbutt          |    12 |    13 |    36 ||    61
         Punch             |       |     1 |       ||     1
         Giant club        |       |    14 |    43 ||    57
         Giant spiked club |       |       |   158 ||   158
  Throw: Throwing net      |     2 |     4 |     2 ||     8
  Evoke: Wand              |       |       |     3 ||     3
    Use: Potion            |     1 |     1 |     4 ||     6
         Scroll            |       |     6 |     5 ||    11
   Stab: Sleeping          |     1 |       |     1 ||     2
         Held in net/web   |     2 |       |     1 ||     3
         Distracted        |       |       |     1 ||     1
 Armour: Robe              |    47 |    70 |   237 ||   354
  Dodge: Dodged            |    35 |    57 |   184 ||   276

Table legend: (Time is in decaauts)
 A = Elapsed time spent in this place.
 B = Non-inter-level travel time spent in this place.
 C = Inter-level travel time spent in this place.
 D = Time resting spent in this place.
 E = Time spent auto-exploring this place.
 F = Levels seen in this place.
 G = Mean time per level.
                   A        B        C        D        E       F      G
               +--------+--------+--------+--------+--------+-----+--------+
         Total |   8869 |   8718 |    151 |   2146 |   5151 |   9 |  985.4 |
       Dungeon |   8852 |   8709 |    143 |   2146 |   5151 |   8 | 1106.5 |
        Temple |     16 |      8 |      8 |      0 |      0 |   1 |   16.0 |
               +--------+--------+--------+--------+--------+-----+--------+

Top non-repeatable levels by time:
     D:5: 2046 daAuts
     D:6: 1590 daAuts
     D:1: 1396 daAuts
     D:4: 1148 daAuts
     D:7: 1095 daAuts
     D:2: 972 daAuts
     D:3: 585 daAuts
     D:8: 17 daAuts
  Temple: 16 daAuts
